 Dungeon Crawl Stone Soup version 0.29.1-2-gbd0b4ee654 (webtiles) character file.

Game seed: 739520631654377149

53 DrabberRogue the Chiller (level 4, -6/30 HPs)
             Began as a Human Ice Elementalist on Nov 6, 2022.
             Mangled by a worm (11 damage)
             ... on level 3 of the Dungeon.
             The game lasted 00:13:53 (3353 turns).

DrabberRogue the Chiller (Human Ice Elementalist)   Turns: 3353, Time: 00:13:55

Health: -6/30      AC:  2    Str:  7 (9)  XL:     4   Next: 10%
Magic:  3/7        EV: 12    Int: 16 (17) God:
Gold:   81         SH:  0    Dex: 12 (13) Spells: 3/7 levels left

rFire   . . .      SeeInvis .   (no weapon)
rCold   . . .      Faith    .   (no shield)
rNeg    + . .      Spirit   .   a - +0 robe
rPois   .          Reflect  .   (no helmet)
rElec   .          Harm     .   (no cloak)
rCorr   .          Rampage  .   (no gloves)
Will    .....                   (no boots)
Stlth   ++........              (no amulet)
HPRegen 0.10/turn               b - ring of positive energy
MPRegen 0.10/turn               (no ring)

@: mighty, on berserk cooldown, attractive, slowed, very slow
A: no striking features
a: no special abilities


You were on level 3 of the Dungeon.
You visited 1 branch of the dungeon, and saw 3 of its levels.

You collected 81 gold pieces.

Inventory:

Armour
 a - a +0 robe (worn)
 c - a +0 ring mail
Jewellery
 b - a ring of positive energy (left hand)
Wands
 i - a wand of roots (11)
Scrolls
 d - a scroll of brand weapon


   Skills:
 + Level 2.8 Dodging
 - Level 2.0 Stealth
 - Level 2.0 Spellcasting
 - Level 5.0 Ice Magic


You had 3 spell levels left.
You knew the following spells:

 Your Spells              Type           Power      Damage    Failure   Level
a - Freeze                Ice            68%        1d8       2%          1
b - Frozen Ramparts       Ice            34%        1d6       8%          3

Your spell library contained the following spells:

 Spells                   Type           Power      Damage    Failure   Level
 Ozocubu's Armour         Ice            17%        N/A       8%          3
 Necrotise                Necr           4%         1d4       21%         1
 Vampiric Draining        Necr           1%         2d6       52%         3
 Hailstorm                Conj/Ice       9%         3d4       58%         4
 Agony                    Necr           1%         N/A       99%         5


Dungeon Overview and Level Annotations

Branches:
Dungeon (3/15)

Altars:

Annotations:
D:2 Sigmund


Message History

You feel yourself moving faster!
You feel mighty!
The orc begs for mercy.
You are too berserk!
You feel a strong urge to attack something.
The orc wails, "Help!"
Cornered, the orc turns to fight!
You feel your anger nearly subside.
You are no longer berserk.
You are exhausted.
You feel yourself slow down.
You see here a +0 hand axe.
It was a potion of degeneration.
There was something very wrong with that liquid.
You feel weakened.
You feel dopey.
You feel clumsy.
It was a potion of attraction.
You feel attractive to monsters. The orc is attracted toward you.
Blink to where?
Press: ? - help, Dir - move target
Found a leather armour.
As you read the scroll of blinking, it crumbles to dust.
The orc is attracted toward you. The worm is attracted toward you.
The worm is attracted toward you. The orc is attracted toward you.
You aren't carrying any potions.
Okay, then.
You see here a +0 leather armour.
You hear the brisk rusting of a drain.
The worm is attracted toward you. The orc is attracted toward you.
The orc hits you with a +0 club.
* * * LOW HITPOINT WARNING * * *
The orc misses you.
Casting: Frozen Ramparts (quite dangerous; 8% risk of failure)
Confirm with . or Enter, or press ? or * to list all spells.
Aiming: Freeze (safe; 2% risk of failure)
Press: ? - help, Shift-Dir - straight line, f - orc
Aim: an orc, wielding a +0 club and wearing a +0 scale mail (heavily wounded)
You freeze the orc.
You kill the orc!
The worm bites you!
You die...

#§#.# #.....#
#..$## ##.....#
#)#§.# #......#
#o#§## ##.....#
#o#o# #.....#
#.#.######.....#
#.#............#
##.###.).w......#
#..§....@########
#.######## #.#
#.# #.# #.# #.#
#.# ############
#.# #..w........


You could see a worm.

Vanquished Creatures
  A dart slug (D:1)
  3 orcs (D:3)
  3 bats
  3 endoplasms
  4 giant cockroaches
  4 goblins
  6 hobgoblins
  5 kobolds
  A quokka (D:2)
  4 ball pythons
  12 frilled lizards
  2 rats (D:1)
48 creatures vanquished.

Vanquished Creatures (others)
  2 plants (D:1)
2 creatures vanquished.

Grand Total: 50 creatures vanquished

Notes
Turn   | Place    | Note
-------+----------+-------------------------------------------
     0 | D:1      | DrabberRogue the Human Ice Elementalist began the quest for
                  | the Orb.
     0 | D:1      | Reached XP level 1. HP: 13/13 MP: 3/3
   226 | D:1      | Reached XP level 2. HP: 5/19 MP: 5/5
   754 | D:1      | Reached XP level 3. HP: 22/24 MP: 2/6
   891 | D:1      | Reached skill level 5 in Ice Magic
   938 | D:1      | Learned a level 3 spell: Frozen Ramparts
  1492 | D:2      | Noticed Sigmund
  1818 | D:2      | Found a faded altar of an unknown god.
  3111 | D:3      | Reached XP level 4. HP: 30/30 MP: 5/7
  3353 | D:3      | Mangled by a worm

Illustrated notes

Levels and vault maps discovered:
D:1:      lemuel_arrival_room, layout_loops_ring, minivault_14,
          minmay_lizard_king
D:2:      mumra_celtic_spiral_tile, layout_basic, basic_ecumenical_altar,
          uniq_sigmund
D:3:      minmay_door_path, layout_basic, gup_sewer_entry_bowl, minivault_23,
          grunt_ministairs_9

Skill      XL: |  1  2  3 |
---------------+----------+-----
Ice Magic      | 5 |  5.0
Dodging        | |  2.8
Stealth        | |  2.0
Spellcasting   | |  2.0

Action                   |  1- 3 |  4- 6 || total
-------------------------+-------+-------++-------
Melee: Unarmed           |       |     6 ||     6
 Cast: Freeze            |    63 |    14 ||    77
       Frozen Ramparts   |     1 |     2 ||     3
  Use: Potion            |     1 |     4 ||     5
       Scroll            |     3 |     2 ||     5
Armor: Robe              |     6 |     4 ||    10
Dodge: Dodged            |    32 |     9 ||    41
